 Dungeon Sprint DCSS version 0.19-a0-1738-gbb2db12 (webtiles) character file.

5732 Naow the Tortoise (level 10, -3/124 HPs)
             Began as a Minotaur Berserker on Oct 1, 2016.
             Was the Champion of Trog.
             Slain by a dire elephant (25 damage)
             ... in the Dungeon (Sprint IX: "|||||||||||||||||||||||||||||").
             The game lasted 00:04:19 (1157 turns).

Naow the Tortoise (Minotaur Berserker)              Turns: 1157, Time: 00:04:20

Health: -3/124     AC: 18    Str: 26    XL:     10   Next: 48%
Magic:  3/3        EV: 11    Int: 10    God:    Trog [******]
Gold:   11         SH:  0    Dex: 14    Spells: 0 memorised, 9 levels left

rFire  . . .     SeeInvis .     r - +3 hand axe (antimagic)
rCold  . . .     Gourm    .     o - +1 chain mail
rNeg   . . .     Faith    .     (no shield)
rPois  .         Spirit   .     (helmet restricted)
rElec  .         Dismiss  .     n - +0 cloak
rCorr  .         Reflect  .     (no gloves)
MR     .....     Harm     .     (no boots)
Stlth  .......... NoTele   +    (no amulet)
                                q - +3 ring of dexterity
                                p - +3 ring of intelligence

@: berserking, very quick
A: retaliatory headbutt, horns 2
a: Berserk, Trog's Hand, Brothers in Arms, Burn Spellbooks, Renounce Religion


You were in the Dungeon.
You worshipped Trog.
Trog was exalted by your worship.
You were hungry.

You visited 1 branch You collected 11 gold pieces.

Inventory:

Hand Weapons
 a - a +0 hand axe
 r - a +3 antimagic hand axe (weapon)
Armour
 b - a +0 animal skin
 n - a +0 cloak (worn)
 o - a +1 chain mail (worn)
Jewellery
 p - a +3 ring of intelligence (left hand)
 q - a +3 ring of dexterity (right hand)
Wands
 m - a wand of acid (7/15)
Scrolls
 i - 2 scrolls of blinking
 l - 3 scrolls of remove curse
 t - a scroll of fog
 u - 4 scrolls of enchant weapon
 v - 2 scrolls of enchant armour
 w - a scroll of fear
 x - 3 scrolls of recharging
Potions
 d - 5 potions of curing
 e - 2 potions of heal wounds
 f - a potion of haste
 g - 4 potions of magic
 h - 3 potions of berserk rage
 k - a potion of invisibility
 s - 3 potions of cure mutation
Comestibles
 c - a bread ration
 j - 5 chunks of flesh


   Skills:
 - Level 5.8 Fighting
 - Level 18.0 Axes
 + Level 20.6 Armour
 - Level 3.2 Dodging


You had 9 spell levels left.
You didn't know any spells.

Dungeon Overview and Level Annotations

Branches:
Dungeon (1/1)

Altars:
Cheibriados
Dithmenos
Elyvilon
Fedhas
Gozag
Hepliaklqana
Kikubaaqudgha
Makhleb
Nemelex Xobeh
Okawaru
Qazlal
Ru
Sif Muna
Trog
Uskayaw
Vehumet
Xom
Yredelemnul
Zin
The Shining One
Beogh
Jiyva
Lugonu


Innate Abilities, Weirdness & Mutations

You reflexively headbutt those who attack you in melee.
You have a pair of horns on your head.


Message History

The dire elephant trunk-slaps you.
You slash the dire elephant! You headbutt the dire elephant!
The dire elephant is lightly wounded.
You hit the dire elephant. You headbutt the dire elephant!
The dire elephant is moderately wounded.
The dire elephant tramples you!
* * * LOW HITPOINT WARNING * * *
You stumble backwards!
You hit the dire elephant but do no damage.
The dire elephant is moderately wounded.
You slash the dire elephant! You headbutt the dire elephant!
The dire elephant is heavily wounded.
The dire elephant tramples you but does no damage.
The dire elephant trunk-slaps you but does no damage.
You slash the dire elephant! You headbutt the dire elephant!
The dire elephant is almost dead.
You slash the dire elephant!
The dire elephant is almost dead.
The dire elephant tramples you!!
You die...

▓_▓.▓.▓
▓_▓.▓.▓
▓_▓.▓†▓
▓_▓.▓.▓
▓_▓.▓.▓
▓_▓.▓.▓
▓_▓.▓Y▓
▓_▓.▓Y▓
▓_▓.▓@▓
▓_▓.▓.▓
▓_▓.▓.▓
▓_▓.▓.▓
▓_▓.▓.▓
▓_▓.▓.▓
▓_▓.▓.▓
▓_▓.▓÷▓
▓_▓.▓.▓


You could see a dire elephant and an elephant.

Vanquished Creatures
  2 dire elephants (D)
  4 elephants (D)
  A spiny frog (D)
  2 hippogriffs (D)
  2 blink frogs (D)
  A yak (D)
  2 basilisks (D)
  A porcupine (D)
  A water moccasin (D)
  2 ice beasts (D)
  A phantom (D)
  A centaur (D)
  2 crocodiles (D)
  5 bullfrogs (D)
  A wight (D)
  2 crimson imps (D)
  A jelly (D)
  2 orc wizards (D)
  2 iguanas (D)
  A worker ant (D)
  An adder (D)
  A river rat (D)
  A shadow imp (D)
  A leopard gecko (D)
  2 orcs (D)
  A bat (D)
  A goblin (D)
  A hobgoblin (D)
  A rat (D)
46 creatures vanquished.

Notes
Turn   | Place    | Note
-------+----------+-------------------------------------------
     0 | D        | Naow the Minotaur Berserker began the quest for the Orb.
     0 | D        | Reached XP level 1. HP: 19/19 MP: 0/0
    10 | D        | Reached ** piety under Trog
   137 | D        | Noticed an ice beast
   137 | D        | Noticed a crimson imp
   137 | D        | Noticed an orc wizard
   139 | D        | Killed an orc wizard
   139 | D        | Reached *** piety under Trog
   139 | D        | Reached skill level 5 in Fighting
   139 | D        | Reached skill level 3 in Armour
   139 | D        | Reached XP level 2. HP: 30/30 MP: 1/1
   139 | D        | Reached XP level 3. HP: 37/37 MP: 2/2
   147 | D        | Killed an ice beast
   147 | D        | Reached skill level 10 in Axes
   147 | D        | Reached XP level 4. HP: 38/44 MP: 3/3
   148 | D        | Reached XP level 5. HP: 44/50 MP: 4/4
   150 | D        | Reached **** piety under Trog
   193 | D        | Found a roughly hewn altar of Beogh.
   193 | D        | Found a snail-covered altar of Cheibriados.
   193 | D        | Found a shadowy altar of Dithmenos.
   193 | D        | Found a white marble altar of Elyvilon.
   193 | D        | Found a blossoming altar of Fedhas.
   193 | D        | Found an opulent altar of Gozag.
   194 | D        | Found a hazy altar of Hepliaklqana.
   195 | D        | Found a viscous altar of Jiyva.
   196 | D        | Found an ancient bone altar of Kikubaaqudgha.
   197 | D        | Found a corrupted altar of Lugonu.
   198 | D        | Found a burning altar of Makhleb.
   199 | D        | Found a sparkling altar of Nemelex Xobeh.
   200 | D        | Found an iron altar of Okawaru.
   201 | D        | Found a stormy altar of Qazlal.
   202 | D        | Found a sacrificial altar of Ru.
   203 | D        | Found a deep blue altar of Sif Muna.
   204 | D        | Found a bloodstained altar of Trog.
   205 | D        | Found a hide-covered altar of Uskayaw.
   206 | D        | Found a radiant altar of Vehumet.
   207 | D        | Found a shimmering altar of Xom.
   208 | D        | Found a basalt altar of Yredelemnul.
   209 | D        | Found a glowing silver altar of Zin.
   210 | D        | Found a glowing golden altar of the Shining One.
   254 | D        | Noticed a phantom
   254 | D        | Noticed an ice beast
   266 | D        | Killed an ice beast
   266 | D        | Reached ***** piety under Trog
   266 | D        | Reached XP level 6. HP: 57/57 MP: 5/5
   272 | D        | Reached skill level 15 in Axes
   425 | D        | Noticed a hippogriff
   430 | D        | Received a gift from Trog
   440 | D        | Reached XP level 7. HP: 62/62 MP: 6/6
   447 | D        | Killed a hippogriff
   633 | D        | Noticed a basilisk
   633 | D        | Noticed a basilisk
   638 | D        | Reached skill level 5 in Armour
   640 | D        | Reached skill level 6 in Armour
   640 | D        | Reached XP level 8. HP: 63/70 MP: 2/7
   648 | D        | Reached skill level 8 in Armour
   660 | D        | Reached skill level 9 in Armour
   667 | D        | Reached ****** piety under Trog
   667 | D        | Received a gift from Trog
   667 | D        | Reached skill level 10 in Armour
   673 | D        | Reached skill level 11 in Armour
   809 | D        | Noticed a hippogriff
   809 | D        | Noticed a blink frog
   809 | D        | Noticed a blink frog
   820 | D        | Killed a blink frog
   820 | D        | Reached skill level 12 in Armour
   823 | D        | Killed a blink frog
   823 | D        | Reached skill level 13 in Armour
   828 | D        | Noticed a spiny frog
   828 | D        | Reached XP level 9. HP: 71/75 MP: 2/8
   834 | D        | Received a gift from Trog
   834 | D        | Reached skill level 14 in Armour
   846 | D        | Reached skill level 15 in Armour
   863 | D        | Killed a spiny frog
   863 | D        | Reached skill level 16 in Armour
  1063 | D        | Noticed an elephant
  1063 | D        | Noticed an elephant
  1063 | D        | Noticed a dire elephant
  1063 | D        | Noticed an elephant
  1063 | D        | Noticed an elephant
  1063 | D        | Noticed a dire elephant
  1080 | D        | Killed a dire elephant
  1080 | D        | Reached skill level 17 in Armour
  1084 | D        | Killed an elephant
  1084 | D        | Reached skill level 18 in Armour
  1084 | D        | Reached XP level 10. HP: 83/83 MP: 3/9
  1096 | D        | Killed a dire elephant
  1096 | D        | Reached skill level 19 in Armour
  1108 | D        | Killed an elephant
  1108 | D        | Received a gift from Trog
  1123 | D        | Killed an elephant
  1123 | D        | Reached skill level 20 in Armour
  1139 | D        | Killed an elephant
  1147 | D        | Noticed a dire elephant
  1147 | D        | Noticed an elephant
  1157 | D        | Slain by a dire elephant

Vault maps used:
D:        linesprint

Skill      XL: |  1  2  3  4  5  6  7  8  9 10 |
---------------+-------------------------------+-----
Fighting       | 5 |  5.8
Axes           | 6 10 11 14 16 18 | 18.0
Armour         | 3 6 13 18 20 | 20.6
Dodging        | 3 |  3.2

Action                   |  1- 3 |  4- 6 |  7- 9 | 10-12 || total
-------------------------+-------+-------+-------+-------++-------
Melee: Hand axe          |    16 |    33 |   127 |    58 ||   234
       Headbutt          |     1 |     7 |    29 |    28 ||    65
Invok: Berserk           |     2 |     2 |     1 |     1 ||     6
       Trog's Hand       |       |       |     1 |       ||     1
  Use: Potion            |       |       |       |     3 ||     3
  Eat: Chunk             |       |     1 |     4 |     1 ||     6
Armor: Chain mail        |       |     7 |    36 |    27 ||    70
Dodge: Dodged            |     5 |     5 |    33 |    25 ||    68
